 Dungeon Crawl Stone Soup version 0.14-a0-2340-g8df0fbc (webtiles) character file.

199 Malachi the Poker (level 5, -1/28 HPs)
             Began as a Vine Stalker Chaos Knight on Jan 30, 2014.
             Was a Plaything of Xom.
             Slain by an orc wizard
             ... wielding a -1,+1 orcish dagger
              (4 damage)
             ... on Level 3 of the Dungeon.
             The game lasted 00:03:09 (1507 turns).

Malachi the Poker (Vine Stalker Chaos Knight)       Turns: 1507, Time: 00:03:10

HP  -1/28        AC 10     Str 16      XL: 5   Next:  0%
MP   0/7         EV  6     Int 12      God: Xom
Gold 83          SH  0     Dex 13      Spells:  0 memorised,  4 levels left

rFire  . . .     SeeInvis .     a - +0 spear (chaos)
rCold  . . .     Clarity  .     o - +2 chain mail
rNeg   . . .     Conserve .     (no shield)
rPois  .         rCorr    .     (no helmet)
rElec  .         rRot     +     (no cloak)
SustAb . .       Spirit   +     (no gloves)
rMut   .         Warding  .     (no boots)
Saprov . . .     Stasis   .     (no amulet)
MR     .....                    (no ring)
                                (no ring)

@: not resistant to hostile enchantments, extremely unstealthy
A: fangs 2, regeneration 1, magic shield, antimagic bite, no device heal
a: Renounce Religion


You were on level 3 of the Dungeon.
You worshipped Xom.
You were a beloved toy of Xom.
You were hungry.

You visited 1 branch of the dungeon, and saw 3 of its levels.

You collected 83 gold pieces.

Inventory:

Hand weapons
 a - a +0,+0 spear of chaos (weapon)
 f - a +1,+2 spear of freezing
Armour
 b - a +2 leather armour
 o - a +2 chain mail (worn)
Comestibles
 c - 4 bread rations
 h - a pear
Scrolls
 e - 2 scrolls of identify {unknown}
 g - 5 scrolls of remove curse {unknown}
 i - 2 scrolls of teleportation {unknown}
 l - a scroll of noise {unknown}
 m - a scroll of amnesia {unknown}
 n - a scroll of enchant armour {unknown}
 p - a scroll of immolation {unknown}
Potions
 d - 2 potions of agility {unknown}
 j - a potion of berserk rage {unknown}
 k - 2 potions of curing {unknown}


   Skills:
 + Level 3.2 Fighting
 + Level 3.8 Polearms
 + Level 2.3 Armour
 + Level 1.6 Dodging


You had 4 spell levels left.
You didn't know any spells.

Dungeon Overview and Level Annotations

Branches:
Dungeon (3/16)

Altars:


Innate Abilities, Weirdness & Mutations

You have extremely sharp teeth.
Your natural rate of healing is unusually fast.
When hurt, damage is shared between your health and your magic reserves.
Your bite disrupts and absorbs the magic of your enemies.
Potions and wands cannot restore your HP.


Message History

The orc closely misses you.
You hit the orc.
The orc is heavily wounded.
The orc hits you but does no damage.
The orc wizard points at you and mumbles some strange words.
The magic dart hits you! The orc hits you but does no damage.
You hit the orc. Your bite misses the orc.
The orc is heavily wounded.
The orc hits you with an orcish short sword.
The orc wizard hits you but does no damage.
You hit the orc but do no damage.
The orc is heavily wounded.
The orc hits you with an orcish short sword.
* * * LOW HITPOINT WARNING * * *
The orc hits you from afar with an orcish trident.
* * * LOW HITPOINT WARNING * * *
The orc barely misses you.
The orc wizard hits you with an orcish dagger.
You die...
Xom chuckles heartily!

#.## #..# #..# ##.# ##.#
#.# #.# #####.## #.#
#......# ###.######
#......##
######........#
#........
..............#
#......##
######..@.....###......#
#.oo..............#
#..o..<..###......#
###.###### #......# #..#
######## #o## .. #.. ..


You could see an orc wizard and 3 orcs.

Vanquished Creatures
  An adder (D:2)
  4 gnolls (D:3)
  A giant mite (D:2)
  A worm (D:2)
  A giant gecko (D:1)
  An orc (D:3)
  3 giant cockroaches
  9 hobgoblins
  6 jackals
  A quokka (D:2)
  3 bats
  A giant newt (D:1)
  8 goblins
  6 kobolds
  8 rats
54 creatures vanquished.

Vanquished Creatures (collateral kills)
  A goblin (D:1)
1 creature vanquished.

Grand Total: 55 creatures vanquished

Notes
Turn   | Place    | Note
--------------------------------------------------------------
     0 | D:1      | Malachi, the Vine Stalker Chaos Knight, began the quest for the Orb.
     0 | D:1      | Reached XP level 1. HP: 11/11 MP: 1/1
   193 | D:1      | XOM: potion effect (berserk)
   200 | D:1      | Reached skill level 3 in Polearms
   200 | D:1      | Reached XP level 2. HP: 16/16 MP: 3/3
   340 | D:1      | XOM: divination: magic mapping
   344 | D:1      | XOM: divination: detect creatures
   348 | D:1      | XOM: silly message
   379 | D:1      | You fall through a shaft!
   383 | D:2      | Reached XP level 3. HP: 19/19 MP: 4/4
   680 | D:2      | Reached skill level 1 in Dodging
   710 | D:2      | Reached XP level 4. HP: 24/24 MP: 5/5
   717 | D:2      | XOM: cast spell 'Summon Butterflies'
   768 | D:2      | XOM: divination: magic mapping
   905 | D:2      | You fall through a shaft!
  1224 | D:1      | XOM: divination: detect creatures
  1499 | D:3      | Reached XP level 5. HP: 26/28 MP: 7/7
  1507 | D:3      | Slain by an orc wizard

Action                   |  1- 3 |  4- 6 || total
-------------------------+-------+-------++-------
Melee: Spear             |   125 |    61 ||   186
 Stab: Confused          |       |     1 ||     1
